 Dungeon Crawl Stone Soup version 0.30-a0-860-g512cf1e979 (webtiles) character file.

Game seed: 1210344394616275859

3 Newt the Ducker (level 1, 0/17 HPs)
             Began as a Demonspawn Gladiator on Mar 7, 2023.
             Constricted to death by a ball python (1 damage)
             ... on level 1 of the Dungeon.
             The game lasted 00:00:09 (54 turns).

Newt the Ducker (Demonspawn Gladiator)                Turns: 54, Time: 00:00:10

Health: 0/17       AC:  4    Str: 14    XL:     1   Next: 41%
Magic:  1/1        EV:  9    Int:  9    God:
Gold:   0          SH:  0    Dex: 14    Spells: 0/0 levels left

rFire   . . .      SeeInvis .    a - +0 rapier
rCold   . . .      Faith    .    (no shield)
rNeg    . . .      Spirit   .    b - +0 leather armour
rPois   .          Reflect  .    c - +0 helmet
rElec   .          Rampage  .    (no cloak)
rCorr   .                        (no gloves)
Will    .....                    (no boots)
Stlth   +                        (no amulet)
HPRegen 0.22/turn                (no ring)
MPRegen 0.07/turn                (no ring)

@: constricted
A: no striking features
a: no special abilities


You were on level 1 of the Dungeon.
You visited 1 branch of the dungeon, and saw 1 of its levels.

Inventory:

Hand Weapons
 a - a +0 rapier (weapon)
Missiles
 d - 2 throwing nets (quivered)
Armour
 b - a +0 leather armour (worn)
 c - a +0 helmet (worn)


   Skills:
 + Level 2.3 Fighting
 - Level 2.6 Short Blades
 - Level 1.7 Throwing
 - Level 2.6 Dodging


You couldn't memorise any spells.
You didn't know any spells.
Your spell library was empty.

Dungeon Overview and Level Annotations

Branches:
Dungeon (1/15)

Altars:


Message History

You are too injured to fight recklessly!
Unknown command.
You hit the kobold.
You kill the kobold!
The endoplasm hits you. The ball python barely misses you.
The ball python constricts you.
You escape the ball python's grasp.
The ball python barely misses you. x2
Things that are here:
a +0 club; 2 stones; a kobold corpse The endoplasm attacks as you move away!
The endoplasm hits you but does no damage.
The endoplasm attacks as you move away!
The endoplasm hits you but does no damage.
The endoplasm freezes you.
You are frozen.
* * * LOW HITPOINT WARNING * * *
The ball python bites you but does no damage.
The ball python completely misses you.
The ball python attacks as you move away!
The ball python completely misses you. The endoplasm closely misses you.
The ball python bites you but does no damage.
The ball python grabs you. The ball python constricts you.
Throw: javelin
Press: ? - help, Shift-Dir - straight line, f - ball python
Aim: a ball python (constricting you, 55% to hit)
You throw a javelin.
The javelin barely misses the ball python.
The javelin pierces through the endoplasm.
The endoplasm is severely wounded.
The ball python bites you.
* * * LOW HITPOINT WARNING * * *
The ball python constricts you.
Unknown command.
Throw: 3 throwing nets
Press: ? - help, Q - select action Shift-Dir - straight line, f/p - ball python
Aim: a ball python (constricting you, 55% to hit)
You throw a throwing net. The throwing net hits the ball python.
The ball python is caught in the net!
The ball python constricts you.
You die...

....#......
......$..#
.........# ........#
........ #..... #
###..###
#.###.)....+
#..@SJ#....#
##########.##.#
#.......##....###
#.##+##.####....#
#.#...#.# #....####
#.#.<.#.# #........
#.##'##.####........
#.....+.'...........
#######+#....###....


You could see an endoplasm and a ball python (caught).

Vanquished Creatures
  A hobgoblin (D:1)
  A ball python (D:1)
  A frilled lizard (D:1)
  A kobold (D:1)
4 creatures vanquished.

Notes
Turn   | Place    | Note
-------+----------+-------------------------------------------
     0 | D:1      | Newt the Demonspawn Gladiator began the quest for the Orb.
     0 | D:1      | Reached XP level 1. HP: 16/16 MP: 1/1
    54 | D:1      | Constricted to death by a ball python

Illustrated notes

Levels and vault maps discovered:
D:1:      ncdulo_smallfort, layout_basic, minmay_cut_off

Action                     || total
---------------------------++-------
  Melee: Rapier            ||    12
  Throw: Javelin           ||     1
         Throwing net      ||     1
 Armour: Leather armour    ||     7
  Dodge: Dodged            ||    16

Table legend: (Time is in decaauts)
 A = Elapsed time spent in this place.
 B = Non-inter-level travel time spent in this place.
 C = Inter-level travel time spent in this place.
 D = Time resting spent in this place.
 E = Time spent auto-exploring this place.
 F = Levels seen in this place.
 G = Mean time per level.
                   A        B        C        D        E       F      G
               +--------+--------+--------+--------+--------+-----+--------+
         Total |     55 |     55 |      0 |      0 |     30 |   1 |   55.0 |
       Dungeon |     55 |     55 |      0 |      0 |     30 |   1 |   55.0 |
               +--------+--------+--------+--------+--------+-----+--------+

Top non-repeatable levels by time:
     D:1: 55 daAuts
